 Dungeon Crawl Stone Soup version 0.21.1-1-g345015fe64 (webtiles) character file.

107 LSF the Shield-Bearer (level 4, 0/23 HPs)
             Began as a Vine Stalker Fighter on May 28, 2018.
             Slain by Natasha (4 damage)
             ... on level 2 of the Dungeon.
             The game lasted 00:04:07 (1725 turns).

LSF the Shield-Bearer (Vine Stalker Fighter)        Turns: 1725, Time: 00:04:08

Health: 0/23       AC:  6    Str: 20    XL:     4   Next: 85%
Magic:  0/5        EV:  7    Int:  8    God:
Gold:   46         SH:  9    Dex: 13    Spells: 3/3 levels left

rFire    . . .     SeeInvis .   h - -3 whip (curse)
rCold    . . .     Gourm    .   c - +0 shield
rNeg     . . .     Faith    .   b - +0 scale mail
rPois    .         Spirit   +   (no helmet)
rElec    .         Reflect  .   (no cloak)
rCorr    .         Harm     .   (no gloves)
MR       .....                  (no boots)
Stlth    ..........             (no amulet)
HPRegen  0.47/turn              (no ring)
MPRegen  0.09/turn              (no ring)

@: slowed, very slow
A: fangs 2, regeneration 1, magic shield, antimagic bite, no potion heal 3, rot
immunity
a: no special abilities


You were on level 2 of the Dungeon.
You were not hungry.

You visited 1 branch of the dungeon, and saw 2 of its levels.

You collected 46 gold pieces.

Inventory:

Hand Weapons
 a - a +0 flail
 h - a cursed -3 whip (weapon)
Missiles
 l - 7 tomahawks (quivered)
Armour
 b - a +0 scale mail (worn)
 c - a +0 shield (worn)
Scrolls
 j - a scroll of blinking {unknown}
 o - a scroll of identify {unknown}
 p - a scroll of teleportation {unknown}
Potions
 d - a potion of might
 e - a potion of invisibility {unknown}
 g - 4 potions of curing {unknown}
 i - a potion of lignification {unknown}
 m - a potion of cancellation {unknown}
 n - a potion of brilliance {unknown}
 q - a potion of flight {unknown}
Comestibles
 f - 4 rations
 k - a chunk of flesh


   Skills:
 + Level 2.9 Fighting
 * Level 2.6 Maces & Flails
 * Level 3.0 Armour
 + Level 1.0 Dodging
 * Level 3.4 Shields


You had 3 spell levels left.
You didn't know any spells.

Dungeon Overview and Level Annotations

Branches:
Dungeon (2/15)

Altars:
Uskayaw
Wu Jian
Xom

Annotations:
D:2 Natasha


Innate Abilities, Weirdness & Mutations

You have extremely sharp teeth.
Your natural rate of healing is unusually fast.
When hurt, damage is shared between your health and your magic reserves.
Your bite disrupts and absorbs the magic of your enemies.
Potions cannot restore your health.
You are immune to rotting.


Message History

You closely miss Natasha. You bite Natasha, but do no damage.
Natasha stares at you and mumbles some strange words.
You feel as though you will be slow longer.
You block Natasha's attack.
You closely miss Natasha. You bite Natasha, but do no damage.
Natasha claws you but does no damage.
You barely miss Natasha. Natasha claws you. You block Natasha's attack.
You hit Natasha. Your bite misses Natasha.
Natasha is lightly wounded.
Natasha drinks a potion.
Natasha seems to speed up.
Natasha claws you.
Your shield and scale mail prevent you from hitting Natasha.
You bite Natasha, but do no damage.
Natasha is lightly wounded.
Natasha stares at you and mumbles some strange words.
The magic dart hits you! Natasha claws you.
* * * LOW HITPOINT WARNING * * *
Your shield prevents you from hitting Natasha.
Natasha is lightly wounded.
Natasha claws you.
You die...

.....(.##.......[...######.#
.......##.###..............#
###...###.# #.......########
#...# #.# #.......#....#
#...# #.# #.......#.##.#
###...###.# #..........#.#
..........######.#..#..#.#
###........# ###h#..#..#.#
...........# #..@####..#.#
....)......# #.._'....<#.#
...........###...#######.#
.........................#
.......#######...#########
.......# #...# ...)...#
#...# .......# #####
......##


You could see Natasha.

Vanquished Creatures
  Natasha (twice) (D:2)
  An adder (D:2)
  5 dart slugs (D:1)
  2 giant cockroaches
  4 goblins
  2 hobgoblins
  9 kobolds
  6 bats
  6 frilled lizards
  4 rats
41 creatures vanquished.

Notes
Turn   | Place    | Note
-------+----------+-------------------------------------------
     0 | D:1      | LSF the Vine Stalker Fighter began the quest for the Orb.
     0 | D:1      | Reached XP level 1. HP: 11/11 MP: 2/2
    63 | D:1      | Reached XP level 2. HP: 14/16 MP: 3/3
   347 | D:1      | Reached XP level 3. HP: 18/19 MP: 4/4
   995 | D:2      | Found a hide-covered altar of Uskayaw.
  1018 | D:2      | Noticed Natasha
  1042 | D:2      | Killed Natasha
  1042 | D:2      | Gained mutation: Your natural rate of healing is unusually fast. [Vine Stalker growth]
  1042 | D:2      | Reached XP level 4. HP: 5/23 MP: 2/5
  1080 | D:2      | Found a shimmering altar of Xom.
  1080 | D:2      | Found a shimmering altar of Xom.
  1080 | D:2      | Found a shimmering altar of Xom.
  1464 | D:2      | Noticed Natasha
  1473 | D:2      | Killed Natasha
  1473 | D:2      | Reached skill level 1 in Dodging
  1619 | D:2      | Found an ornate altar of the Wu Jian Council.
  1714 | D:2      | Noticed Natasha
  1725 | D:2      | Slain by Natasha

Skill      XL: |  1  2  3  4 |
---------------+-------------+-----
Maces & Flails | 2 |  2.6
Shields        | 3 |  3.4
Armour         | 3 |  3.0
Dodging        | 1 |  1.0
Fighting       | |  2.9

Action                   |  1- 3 |  4- 6 || total
-------------------------+-------+-------++-------
Melee: Flail             |    10 |       ||    10
       Bite              |    29 |    20 ||    49
       Whip              |   102 |    54 ||   156
  Eat: Chunk             |       |     3 ||     3
Armor: Scale mail        |    25 |    17 ||    42
Dodge: Dodged            |    38 |    15 ||    53
Block: Shield            |    55 |    20 ||    75
